 Dungeon Crawl Stone Soup version 0.15.2 (webtiles) character file.

180 Huymann the Magician (level 5, 0/26 (28) HPs)
             Began as a Deep Elf Wizard on Aug 16, 2017.
             Killed from afar by Huymann's ghost (3 damage)
             ... with a magic dart
             ... on Level 4 of the Dungeon.
             The game lasted 00:27:13 (2425 turns).

Huymann the Magician (Deep Elf Wizard)              Turns: 2425, Time: 00:27:13

HP   0/26 (28)   AC  2     Str  5      XL: 5   Next: 33%
MP   8/20        EV 13     Int 23      God:
Gold 100         SH  0     Dex 13      Spells:  4 memorised,  6 levels left

rFire  . . .     SeeInvis .     y - +1 dagger
rCold  . . .     Clarity  .     a - +0 robe
rNeg   . . .     rCorr    .     (no shield)
rPois  .         rRot     .     b - +0 hat
rElec  .         Spirit   .     (no cloak)
SustAb .         Warding  .     (no gloves)
rMut   .         Stasis   .     (no boots)
Gourm  .                        (no amulet)
MR     .....                    (no ring)
                                (no ring)

@: not resistant to hostile enchantments, unstealthy
A: mutation resistance 1
a: no special abilities


You were on level 4 of the Dungeon.
You were not hungry.

You visited 1 branch of the dungeon, and saw 4 of its levels.

You collected 100 gold pieces.

Inventory:

Hand weapons
 u - a cursed +0 blowgun
 v - a +0 dagger
 y - a +1 dagger (weapon)
 B - a +0 hunting sling
Missiles
 C - 12 stones (quivered)
Armour
 a - a +0 robe (worn)
 b - a +0 hat (worn)
 g - a +0 robe
 E - a cursed +0 robe
Comestibles
 d - 5 bread rations
 f - 2 meat rations
 m - a rotting chunk of ball python flesh
 n - 2 beef jerkies
 p - 3 chunks of orc flesh
 r - a chunk of giant cockroach flesh
Scrolls
 k - 2 scrolls of random uselessness
 q - 2 scrolls of amnesia
Jewellery
 o - an uncursed amulet of guardian spirit
 F - an uncursed ring of protection from cold
Books
 c - a book of Minor Magic

   Spells                             Type                      Level
   *Magic Dart                        Conjuration                  1
   Blink                              Translocation                2
   *Call Imp                          Summoning                    2
   Repel Missiles                     Charms/Air                   2
   Slow                               Hexes                        2
   *Conjure Flame                     Conjuration/Fire             3
   *Mephitic Cloud                    Conjuration/Poison/Air       3


   Skills:
 + Level 0.1 Fighting
 * Level 1.3 Short Blades
 * Level 3.8 Dodging
 * Level 3.8 Stealth
 + Level 5.6 Spellcasting
 * Level 1.9 Conjurations
 * Level 2.0 Summonings
   Level 1.1 Translocations
 + Level 0.4 Fire Magic
 + Level 0.2 Poison Magic


You had 6 spell levels left.
You knew the following spells:

 Your Spells              Type           Power        Failure   Level  Hunger
a - Magic Dart            Conj           ###.         4%          1    None
b - Call Imp              Summ           ###.....     10%         2    None
c - Conjure Flame         Conj/Fire      ##......     17%         3    ##.....
d - Mephitic Cloud        Conj/Pois/Air  #.......     21%         3    ##.....


Dungeon Overview and Level Annotations

Branches:
Dungeon (4/15)
 Temple: D:4-7

Altars:

Annotations:
D:3 hyltron's ghost, average HODK
D:4 Huymann's ghost, average DEWz


Innate Abilities, Weirdness & Mutations

You are somewhat resistant to further mutation.


Message History

There is an open door here.
You hit the crimson imp but do no damage.
You closely miss the crimson imp.
The crimson imp hits you but does no damage.
Casting: Conjure Flame
Confirm with . or Enter, or press ? or * to list all spells.
A beastly little devil appears in a puff of flame.
The crimson imp grins evilly.
The crimson imp hits you.
* * * LOW HITPOINT WARNING * * *
Huymann's ghost lets out a mournful wail.
The crimson imp blinks!
Casting: Call Imp
Confirm with . or Enter, or press ? or * to list all spells.
Aiming: Conjure Flame
Press: ? - help, Dir - move target cursor The fire roars!
Huymann's ghost gestures at you while chanting.
The magic dart hits you!
You die...

.Z. ........###'# ..
.......##......
#.####..............
##...##..............#
#....##..<..##.........
#....##.....##.........
#...........##.......#
#....%......##.......#
#..........W§§.@.....#
####+##.....##5......#
##+#####.......+
+.......# ###+#####


You could see Huymann's ghost and a friendly crimson imp.

Vanquished Creatures
  A necrophage (D:3)
  2 gnolls (D:1)
  An adder (D:4)
  3 giant cockroaches
  5 hobgoblins
  4 jackals (D:4)
  2 ball pythons
  4 bats
  A giant gecko (D:2)
  4 giant newts
  4 goblins
  3 kobolds
  A rat (D:1)
35 creatures vanquished.

Vanquished Creatures (collateral kills)
  A worker ant (D:4)
  3 gnolls (D:2)
  A worm (D:3)
  A giant gecko (D:2)
  An orc (D:3)
  2 goblins
  2 hobgoblins (D:2)
  A quokka (D:3)
  A ball python (D:3)
  2 giant cockroaches (D:2)
  4 rats
19 creatures vanquished.

Vanquished Creatures (others)
  A crimson imp (D:4)
  2 shadow imps (D:3)
3 creatures vanquished.

Grand Total: 57 creatures vanquished

Notes
Turn   | Place    | Note
--------------------------------------------------------------
     0 | D:1      | Huymann, the Deep Elf Wizard, began the quest for the Orb.
     0 | D:1      | Reached XP level 1. HP: 10/10 MP: 6/6
   330 | D:1      | Reached XP level 2. HP: 15/15 MP: 5/10
   390 | D:1      | Reached skill level 5 in Spellcasting
   623 | D:1      | Learned a level 2 spell: Call Imp
  1027 | D:1      | Reached XP level 3. HP: 19/19 MP: 2/14
  1875 | D:2      | Learned a level 3 spell: Conjure Flame
  1886 | D:2      | Learned a level 3 spell: Mephitic Cloud
  1918 | D:3      | Noticed hyltron's ghost (average HODK)
  1955 | D:4      | Reached XP level 4. HP: 24/24 MP: 7/17
  1975 | D:4      | Noticed Huymann's ghost (average DEWz)
  1980 | D:4      | Reached skill level 1 in Short Blades
  2272 | D:3      | Noticed a necrophage
  2286 | D:3      | Killed a necrophage
  2286 | D:3      | Reached XP level 5. HP: 19/28 MP: 14/20
  2287 | D:3      | Gained mutation: You are somewhat resistant to further mutation. [potion of beneficial mutation]
  2425 | D:4      | Killed from afar by Huymann's ghost

Action                   |  1- 3 |  4- 6 || total
-------------------------+-------+-------++-------
Melee: Dagger            |    68 |    19 ||    87
 Cast: Magic Dart        |    41 |     4 ||    45
       Call Imp          |    12 |     9 ||    21
       Conjure Flame     |     1 |    11 ||    12
       Mephitic Cloud    |     1 |     1 ||     2
  Use: Scroll            |    10 |     2 ||    12
       Potion            |       |     3 ||     3
 Stab: Sleeping          |     2 |     1 ||     3
  Eat: Chunk             |     3 |     1 ||     4
       Pizza             |       |     1 ||     1
